AoeStats
← CrazyBen

Black Forest

506837810Analyzed
4v4 RM · 17d ago on Sep 15, 2026· 52m 5s· 8 players
Game mode
Random Map
Map size
Large (8 player)
Population
200
Speed
Normal
Resources
Standard
Victory
Conquest
Starting age
Dark Age
Ending age
Imperial Age
RankedLock teamsTeams togetherTeam positionsShared explorationLock speedFull tech treeHidden civsTurbo modeCheats
Victory
Defeat
🇹🇷 Bulgarians · Türkiye
1643
+14
🇹🇷 Malay · Türkiye
1510
+19
🇫🇷 Japanese · France
1503
+19
🇮🇳 Mongols · India
1483
+20
🇨🇳 Armenians · China
1738
-23
🇨🇳 Georgians · China
1618
-20
🇨🇳 Mongols · China
1505
-15
🇨🇳 Khmer · China
1474
-14
Ainz_Own_Goal
6:18 Loom
11:29 Feudal Age
11:32 Feudal Age
13:08 Double-Bit Axe
15:45 Castle Age
16:36 Wheelbarrow
18:12 Horse Collar
20:33 Bow Saw
20:40 Heavy Plow
26:29 Hand Cart
29:31 Imperial Age
27:22 Town Watch
27:52 Scale Barding Armor
27:58 Forging
28:02 Masonry
28:13 Town Patrol
28:34 Chain Barding Armor
28:52 Gold Mining
28:53 Stone Mining
29:45 Onager
30:34 Siege Engineers
31:30 Chemistry
31:14 Gold Shaft Mining
30:21 Elite Konnik
31:13 Siege Onager
32:02 Scale Mail Armor
32:38 Iron Casting
33:26 Plate Barding Armor
32:52 Husbandry
33:03 Bloodlines
34:40 Blast Furnace
34:27 Caravan
34:33 Stirrups
35:00 Conscription
34:57 Chain Mail Armor
37:19 Plate Mail Armor
36:52 Bagains
42:13 Fletching
42:45 Ballistics
44:40 Bodkin Arrow
49:32 Cavalier
49:33 Light Cavalry
50:35 Hussar
ATABEY
0:27 Loom
12:33 Feudal Age
18:56 Castle Age
17:15 Double-Bit Axe
18:02 Horse Collar
21:13 Bow Saw
21:38 Heavy Plow
30:16 Imperial Age
27:47 Fletching
28:27 Ballistics
28:18 Bodkin Arrow
28:11 Crossbowman
30:46 Chemistry
30:36 Thumb Ring
30:57 Gold Mining
31:19 Arbalester
32:47 Bracer
33:06 Padded Archer Armor
34:32 Leather Archer Armor
37:21 Ring Archer Armor
40:11 Caravan
42:18 Elite Skirmisher
47:33 Coinage
49:31 Siege Engineers
Broken Angel
0:47 Loom
10:30 Feudal Age
18:45 Castle Age
19:38 Double-Bit Axe
30:17 Wheelbarrow
30:32 Bow Saw
31:07 Gold Mining
31:14 Horse Collar
32:35 Nomads
39:32 Hand Cart
39:03 Town Watch
42:24 Imperial Age
40:31 Fletching
41:53 Gold Shaft Mining
41:22 Murder Holes
43:06 Bodkin Arrow
43:22 Siege Engineers
44:18 Chemistry
42:54 Onager
44:54 Drill
46:03 Conscription
CrazyBen
11:43 Feudal Age
13:37 Double-Bit Axe
13:46 Horse Collar
16:48 Castle Age
17:55 Bow Saw
17:48 Heavy Plow
20:52 Wheelbarrow
23:14 Loom
24:58 Gold Mining
25:36 Hand Cart
30:10 Imperial Age
28:46 Fletching
28:59 Stone Mining
29:09 Bodkin Arrow
29:15 Guard Tower
30:39 Yasama
30:42 Padded Archer Armor
31:09 Bracer
32:13 Chemistry
31:34 Ballistics
31:54 Keep
32:08 Conscription
32:36 Kataparuto
32:18 Arrowslits
33:55 Ballistics
33:46 Masonry
37:20 Pikeman
38:02 Squires
38:33 Siege Engineers
38:08 Treadmill Crane
38:12 Halberdier
40:04 Coinage
39:50 Scale Mail Armor
42:55 Two-Man Saw
42:40 Chain Mail Armor
42:36 Forging
43:32 Plate Mail Armor
46:37 Iron Casting
50:39 Man-at-Arms
51:04 Gambesons
CNZS_Dadaya
10:04 Feudal Age
10:50 Double-Bit Axe
13:41 Castle Age
11:32 Horse Collar
17:02 Wheelbarrow
17:59 Loom
22:28 Bow Saw
23:54 Hand Cart
24:57 Gold Mining
28:48 Imperial Age
26:26 Stone Mining
27:31 Gold Shaft Mining
27:21 Fletching
27:33 Padded Archer Armor
28:37 Stone Shaft Mining
28:54 Bodkin Arrow
29:15 Leather Archer Armor
29:22 Ballistics
29:18 Caravan
30:33 Chemistry
30:19 Conscription
30:28 Husbandry
30:38 Bloodlines
30:55 Parthian Tactics
30:36 Town Watch
30:59 Thumb Ring
31:23 Bracer
31:55 Elite Mangudai
34:13 Drill
33:16 Onager
35:02 Coinage
34:55 Siege Engineers
35:36 Siege Onager
52:16 Banking
爱种田的太奶
0:35 Loom
9:43 Feudal Age
10:12 Man-at-Arms
15:01 Town Watch
15:53 Fletching
20:49 Wheelbarrow
23:01 Castle Age
21:51 Double-Bit Axe
22:55 Horse Collar
23:37 Bodkin Arrow
24:09 Bow Saw
24:32 Guard Tower
28:26 Ballistics
30:32 Caravan
34:38 Wheelbarrow
35:34 Stone Mining
36:03 Hand Cart
39:33 Imperial Age
37:43 Scale Barding Armor
38:38 Bloodlines
38:29 Husbandry
38:49 Chain Barding Armor
38:45 Svan Towers
39:55 Forging
40:56 Plate Barding Armor
39:43 Cavalier
41:30 Iron Casting
41:27 Masonry
44:11 Blast Furnace
44:09 Bracer
45:11 Chemistry
44:42 Architecture
44:48 Keep
43:59 Arrowslits
43:50 Light Cavalry
47:12 Guilds
46:52 Capped Ram
48:05 Siege Ram
48:45 Treadmill Crane
51:30 Conscription
51:21 Aznauri Cavalry
勇者四叶
0:48 Loom
10:17 Feudal Age
11:10 Man-at-Arms
11:58 Double-Bit Axe
19:25 Castle Age
19:18 Horse Collar
21:12 Bow Saw
22:37 Wheelbarrow
22:58 Town Watch
25:01 Hand Cart
28:18 Gold Mining
30:01 Gold Shaft Mining
32:07 Imperial Age
29:06 Long Swordsman
29:31 Gambesons
29:47 Squires
29:32 Arson
30:24 Squires
30:25 Scale Mail Armor
30:36 Forging
31:23 Chain Mail Armor
30:31 Two-Handed Swordsman
32:34 Iron Casting
31:46 Champion
33:24 Plate Mail Armor
33:23 Conscription
33:16 Fereters
33:29 Heavy Plow
34:34 Blast Furnace
35:58 Sanctity
35:49 Redemption
35:58 Block Printing
35:45 Devotion
36:01 Fletching
38:18 Caravan
39:34 Faith
39:41 Illumination
39:58 Pikeman
45:00 Bodkin Arrow
45:05 Padded Archer Armor
46:40 Chemistry
46:01 Ballistics
47:39 Town Patrol
50:07 Bombard Tower
49:58 Masonry
51:50 Guilds
52:41 Fortified Wall
执者如旗
7:57 Loom
10:03 Feudal Age
13:43 Castle Age
12:17 Double-Bit Axe
19:36 Bow Saw
20:48 Wheelbarrow
22:01 Hand Cart
21:31 Horse Collar
21:47 Gold Mining
25:58 Gold Shaft Mining
25:25 Heavy Plow
25:34 Town Watch
29:59 Imperial Age
29:37 Scale Barding Armor
30:55 Chain Barding Armor
30:51 Bloodlines
31:50 Chemistry
30:45 Elite Ballista Elephant
31:37 Husbandry
33:05 Conscription
33:05 Siege Engineers
33:54 Plate Barding Armor
34:01 Double Crossbow
33:56 Light Cavalry
34:50 Forging
35:37 Ballistics
35:24 Hussar
36:05 Stone Mining
36:59 Iron Casting
38:26 Elite Battle Elephant
39:08 Tusk Swords
40:15 Blast Furnace
Connection lost

Rejoining the realm…

Still unreachable

The connection could not be restored.

Session expired

The server has moved on; the page needs a fresh start.